Map: New Repugnancy LE

Players

Crow - Winner!

  • Race: Zerg Zerg
  • Spawn Location: 7:00

Minato

  • Race: Zerg Zerg
  • Spawn Location: 1:00

Event: IEM Season 13: Katowice (2019)

VOD

Have the link to the VOD?

Description

Time

  • Played on: Feb. 26, 2019, 4:49 a.m.
  • Length: 11:23

All games in this series

Show
View Real Time Build Order
Export as new Build Order

Crow Zerg - Winner!

Build Orders: Hatch First 

Get SALT Encoding   

  12  0:00  Drone  
  13  0:12  Overlord  
  13  0:17  Drone  
  14  0:31  Drone x2  
  16  0:49  Hatchery  
  15  0:51  Drone  
  15  0:55  Drone  
  17  0:59  Drone  
  18  1:09  Extractor  
  17  1:14  Spawning Pool  
  17  1:17  Drone  
  17  1:20  Drone  
  18  1:28  Drone  
  20  1:40  Drone  
  20  1:50  Drone  
  21  2:01  Queen x2  
  21  2:02  Zergling x4  
  27  2:10  Metabolic Boost  
  27  2:11  Overlord  
  27  2:13  Zergling x2  
  28  2:31  Baneling Nest  
  28  2:32  Drone x2  
  28  2:35  Drone x2  
  31  2:45  Overlord  
  31  2:47  Drone  
  32  2:54  Drone  
  33  3:03  Hatchery  
  32  3:08  Evolution Chamber  
  32  3:11  Drone  
  32  3:12  Drone  
  33  3:13  Roach Warren  
  33  3:17  Drone x2  
  34  3:20  Drone  
  34  3:21  Drone  
  34  3:24  Drone  
  34  3:26  Drone  
  38  3:29  Overlord  
  38  3:35  Zerg Missile Weapons Level 1  
  38  3:38  Extractor  
  38  3:40  Drone x2  
  39  3:41  Drone  
  40  3:53  Drone x2  
  40  3:54  Roach  
  40  3:55  Roach x2  
  48  3:56  Roach  
  48  3:59  Overlord  
  50  4:05  Roach  
  52  4:15  Queen  
  52  4:16  Roach x2  
  58  4:19  Overlord  
  58  4:21  Roach  
  58  4:22  Roach  
  62  4:30  Drone x4  
  65  4:34  Overlord  
  65  4:39  Extractor  
  64  4:47  Roach x4  
  64  4:51  Overlord  
  72  5:04  Roach x4  
  72  5:06  Overlord x2  
  80  5:13  Overlord  
  78  5:16  Lair  
  78  5:25  Roach x2  
  80  5:32  Roach x2  
  80  5:33  Overlord  
  84  5:39  Roach x2  
  84  5:41  Roach Warren  
  86  5:44  Roach x2  
  86  5:47  Queen  
  92  5:54  Overlord, Drone  
  93  6:05  Drone  
  93  6:06  Drone  
  95  6:12  Drone  
  95  6:15  Zerg Missile Weapons Level 2, Hatchery  
  95  6:20  Glial Reconstitution  
  94  6:27  Roach  
  94  6:28  Roach x2  
  94  6:31  Roach  
  87  6:33  Drone x2  
  87  6:34  Extractor  
  87  6:36  Roach  
  84  6:40  Drone x3  
  87  6:51  Roach x3  
  87  6:52  Hatchery  
  92  6:56  Overlord  
  92  6:58  Roach  
  94  7:02  Roach x2  
  94  7:04  Overseer  
  98  7:10  Roach x3  
  104  7:20  Roach x3  
  110  7:30  Roach x4  
  110  7:34  Overlord  
  110  7:37  Queen  
  116  7:41  Queen  
  116  7:53  Roach x4  
  124  7:59  Drone  
  124  8:00  Drone  
  124  8:02  Overlord  
  124  8:03  Roach  
  128  8:10  Roach x3  
  134  8:21  Ravager x2  
  134  8:22  Ravager  
  137  8:31  Spore Crawler  
  137  8:33  Queen, Spore Crawler  
  137  8:34  Spore Crawler  
  137  8:39  Overlord  
  136  8:44  Queen  
  132  8:50  Drone x6  
  134  8:57  Queen  
  132  9:02  Roach  
  132  9:03  Roach x2  
  126  9:11  Spore Crawler  
  126  9:16  Roach x4  
  125  9:18  Ravager  
  125  9:23  Roach x3  
  132  9:29  Overlord x2  
  132  9:32  Overlord  
  132  9:43  Overlord  
  132  9:49  Roach x6  
  144  9:59  Overlord  
  144  10:01  Roach  
  144  10:02  Roach x3  
  152  10:08  Overlord  
  152  10:19  Roach  
  152  10:20  Roach x3  
  160  10:27  Overlord  
  161  10:28  Drone x3  
  161  10:30  Roach x2  
  167  10:39  Roach  
  167  10:40  Roach x3  
  175  10:46  Roach  
  169  10:52  Roach x4  
  165  11:00  Roach x4  
Show
View Real Time Build Order
Export as new Build Order

Minato Zerg 

Build Orders: Pool First, Roach Nydus 

Get SALT Encoding   

  12  0:00  Drone  
  13  0:12  Overlord  
  13  0:17  Drone  
  14  0:30  Drone x2  
  14  0:34  Drone  
  17  0:44  Spawning Pool  
  17  0:47  Drone  
  17  1:08  Hatchery  
  17  1:10  Drone  
  17  1:14  Extractor  
  17  1:15  Drone  
  17  1:31  Queen, Zergling x4  
  21  1:39  Overlord  
  21  1:50  Drone  
  22  1:59  Drone  
  23  2:07  Queen  
  25  2:10  Drone  
  26  2:20  Queen  
  26  2:21  Drone  
  29  2:24  Drone  
  30  2:31  Drone  
  30  2:33  Drone  
  32  2:41  Drone x3  
  32  2:43  Overlord  
  35  2:46  Drone  
  36  3:02  Roach Warren  
  36  3:04  Drone x3  
  38  3:07  Lair  
  38  3:09  Drone  
  39  3:16  Drone x3  
  39  3:18  Extractor, Drone  
  42  3:23  Drone  
  43  3:35  Evolution Chamber, Drone x2  
  43  3:37  Extractor  
  43  3:41  Overlord  
  43  3:42  Overlord x2  
  43  4:05  Roach, Nydus Network  
  43  4:06  Roach x5  
  43  4:08  Roach  
  56  4:10  Roach  
  56  4:13  Roach  
  60  4:17  Roach  
  60  4:23  Roach x2  
  66  4:26  Overlord  
  66  4:30  Overlord  
  66  4:41  Nydus Canal  
  66  4:47  Roach  
  66  4:48  Roach x4  
  76  4:54  Roach, Nydus Canal  
  76  4:55  Roach  
  76  4:59  Roach  
  82  5:00  Overlord  
  82  5:13  Roach  
  84  5:24  Nydus Canal  
  84  5:27  Roach x4  
  92  5:39  Nydus Canal  
  92  5:46  Overlord x2  
  88  5:59  Zerg Missile Weapons Level 1  
  88  6:02  Glial Reconstitution  
  88  6:05  Drone  
  88  6:06  Drone x3  
  92  6:17  Hatchery  
  91  6:22  Drone  
  91  6:29  Roach x3  
  84  6:36  Roach  
  84  6:37  Overlord x2  
  84  6:39  Extractor  
  83  6:41  Spire, Overlord  
  82  6:50  Overlord  
  82  6:56  Roach x3  
  82  6:59  Roach  
  82  7:00  Roach  
  94  7:08  Roach x3  
  94  7:13  Overlord x2  
  98  7:18  Nydus Canal  
  98  7:31  Nydus Canal  
  90  7:53  Mutalisk x4  
  96  7:58  Roach x3  
  96  8:00  Drone  
  96  8:01  Roach, Drone x2  
  96  8:02  Roach  
  96  8:04  Roach  
  107  8:12  Roach x3  
  113  8:15  Roach  
  113  8:16  Roach  
  117  8:22  Overlord  
  117  8:23  Overlord  
  117  8:24  Roach x2  
  121  8:31  Overlord x2  
  121  8:39  Overseer  
  121  8:45  Roach x2  
  121  8:46  Roach  
  125  8:50  Roach  
  125  8:52  Roach  
  120  9:03  Roach x2  
  124  9:10  Roach  
  124  9:12  Roach  
  124  9:16  Roach x3  
  134  9:27  Roach x4  
  142  9:42  Roach x2  
  146  9:57  Overlord x3  
  146  9:58  Roach x3  
  152  10:13  Roach x2  
  154  10:14  Overlord x2  
  154  10:16  Roach  
  156  10:27  Nydus Canal  
  156  10:29  Drone x3  
  156  10:31  Drone x2  
  161  10:46  Nydus Canal  
  137  11:03  Roach x6  
  115  11:07  Drone  
  115  11:08  Drone x11  
  115  11:10  Extractor  

Tags
 
Add a new tag
Caveats
  • Supply blocks, unpowered buildings, or Contaminate may cause inaccurate times.
  • Supply counts are checked every 10 seconds.